 Dungeon Crawl Stone Soup version 0.25-a0-719-gde951dce62 (webtiles) character file.

Game seed: 15367957278946184812, levelgen mode: deterministic

219 kae the Ruffian (level 5, -1/40 HPs)
             Began as a Draconian Transmuter on Apr 6, 2020.
             Slain by a hippogriff (7 damage)
             ... on level 4 of the Dungeon.
             The game lasted 00:03:15 (4151 turns).

kae the Ruffian (Draconian Transmuter)              Turns: 4151, Time: 00:03:16

Health: -1/40      AC:  2    Str: 13    XL:     5   Next: 64%
Magic:  3/9        EV: 19    Int: 14    God:
Gold:   213        SH:  0    Dex: 16    Spells: 4/10 levels left

rFire    . . .     SeeInvis .     - Unarmed
rCold    . . .     Gourm    .   (shield currently unavailable)
rNeg     . . .     Faith    .   (armour unavailable)
rPois    x         Spirit   .   (helmet currently unavailable)
rElec    .         Reflect  .   (cloak currently unavailable)
rCorr    .         Harm     .   (gloves currently unavailable)
MR       .....                  (boots currently unavailable)
Stlth    +.........             (no amulet)
HPRegen  0.13/turn              (no ring)
MPRegen  0.11/turn              (no ring)

@: spider-form, very slightly contaminated
A: tiny, unfitting armour, AC +5
a: End Transformation


You were on level 4 of the Dungeon.
You were not hungry.
You were a venomous arachnid creature.
You visited 1 branch of the dungeon, and saw 4 of its levels.

You collected 213 gold pieces.

Inventory:

Missiles
 a - 10 arrows
Armour
 m - a +0 cloak (melded)
Jewellery
 d - an uncursed ring of see invisible
Scrolls
 h - 2 scrolls of identify
 i - a scroll of teleportation {unknown}
 l - 3 scrolls of enchant armour {unknown}
 q - a scroll of immolation {unknown}
 r - a scroll of amnesia {unknown}
Potions
 b - 2 potions of cancellation
 f - a potion of mutation {unknown}
 g - 2 potions of heal wounds {unknown}
 j - a potion of lignification {unknown}
 k - a potion of might {unknown}
 n - 2 potions of flight {unknown}
 o - 2 potions of haste {unknown}
 p - a potion of brilliance {unknown}
Comestibles
 c - 4 rations
 s - a chunk of flesh


   Skills:
 - Level 1.1 Fighting
 - Level 1.7 Dodging
 * Level 5.0 Unarmed Combat
 + Level 3.2 Spellcasting
 + Level 3.3 Transmutations


You had 4 spell levels left.
You knew the following spells:

 Your Spells              Type           Power        Failure   Level  Hunger
a - Beastly Appendage     Tmut           ##....       16%         1    #......
b - Sticks to Snakes      Tmut           ##......     22%         2    ##.....
c - Spider Form           Tmut/Pois      #.........   54%         3    ###....

Your spell library contained the following spells:

 Spells                   Type           Power        Failure   Level  Hunger
 Ice Form                 Ice/Tmut       #.......     87%         4    #####..
 Blade Hands              Tmut           ##........   94%         5    ######.


Dungeon Overview and Level Annotations

Branches:
Dungeon (4/15)
 Temple: D:4-7

Altars:
Cheibriados
Sif Muna
Trog


Innate Abilities, Weirdness & Mutations

((Your plain brown scales are hard. (AC +5)))
You cannot fit into any form of body armour.
((You are cold-blooded and may be slowed by cold attacks.))


Message History

Confirm with . or Enter, or press ? or * to list all spells.
You miscast Spider Form.
You are very lightly contaminated with residual magic.
You feel mildly nauseous. The hippogriff bites you.
The hippogriff pecks you but does no damage.
The hippogriff claws you.
Casting: Spider Form (safe; 32% risk of failure)
Confirm with . or Enter, or press ? or * to list all spells.
You turn into a venomous arachnid creature.
Your +0 cloak melds into your body.
The hippogriff completely misses you. The hippogriff pecks you.
The hippogriff claws you!
* * * LOW HITPOINT WARNING * * *
The hippogriff misses you. The hippogriff barely misses you.
The hippogriff completely misses you.
You hit the hippogriff.
The hippogriff looks even sicker.
The hippogriff is severely wounded.
The hippogriff bites you.
* * * LOW HITPOINT WARNING * * *
The hippogriff misses you. The hippogriff claws you!
You die...

##...#######
#.......#
#)......#
#.......#
#.......#
#..)....#
##.####....<..#
#........H....#
#....##.##s.#.#
#....##.##..#.#
#......)....##
#..##.#......#
#.....#......>#
##........#...#.
#.####..##.....
#.......###..##
######.......#


You could see a hippogriff.

Vanquished Creatures
  2 orc wizards
  4 gnolls (D:3)
  3 adders
  A shadow imp (D:2)
  A worm (D:2)
  4 dart slugs
  5 leopard geckos
  9 orcs
  A giant cockroach (D:2)
  10 goblins
  3 hobgoblins
  2 quokkas
  A ball python (D:3)
  9 bats
  2 frilled lizards
  6 kobolds
  4 rats (D:1)
67 creatures vanquished.

Vanquished Creatures (collateral kills)
  An adder (D:2)
1 creature vanquished.

Grand Total: 68 creatures vanquished

Notes
Turn   | Place    | Note
-------+----------+-------------------------------------------
     0 | D:1      | kae the Draconian Transmuter began the quest for the Orb.
     0 | D:1      | Reached XP level 1. HP: 16/16 MP: 3/3
   319 | D:1      | Reached XP level 2. HP: 23/23 MP: 3/5
  1408 | D:2      | Learned a level 2 spell: Sticks to Snakes
  1424 | D:2      | Reached XP level 3. HP: 24/28 MP: 4/6
  1906 | D:2      | Found a shimmering blue altar of Sif Muna.
  2139 | D:2      | Reached skill level 4 in Unarmed Combat
  2640 | D:3      | Learned a level 3 spell: Spider Form
  2653 | D:3      | Reached XP level 4. HP: 33/35 MP: 5/7
  2665 | D:3      | Found a snail-covered altar of Cheibriados.
  3063 | D:3      | Reached XP level 5. HP: 29/40 MP: 6/9
  3542 | D:3      | Found a bloodstained altar of Trog.
  3968 | D:4      | Reached skill level 5 in Unarmed Combat
  4109 | D:4      | Noticed a hippogriff
  4151 | D:4      | Slain by a hippogriff

Levels and vault maps discovered:
D:1:      mainiacjoe_arrival_reflecting_pool, layout_basic
D:2:      layout_loops_ring, led_sif_pool
D:3:      layout_basic, bloody_trog, marbit_many_paths
D:4:      layout_loops_cross, tso_altar, trog_three_pillars_becter

Skill      XL: |  1  2  3  4  5 |
---------------+----------------+-----
Unarmed Combat | 4 5 |  5.0
Transmutations | 3 |  3.3
Spellcasting   | 3 |  3.2
Fighting       | |  1.1
Dodging        | |  1.7

Action                   |  1- 3 |  4- 6 || total
-------------------------+-------+-------++-------
Melee: Unarmed           |   130 |   100 ||   230
       Kick              |     6 |     2 ||     8
       Tailslap          |    11 |     6 ||    17
       Punch             |     3 |       ||     3
       Headbutt          |     2 |     3 ||     5
 Cast: Beastly Appendage |    19 |     6 ||    25
       Sticks to Snakes  |     2 |       ||     2
       Spider Form       |       |     8 ||     8
  Use: Scroll            |     2 |       ||     2
       Potion            |       |     1 ||     1
 Stab: Sleeping          |       |     1 ||     1
  Eat: Chunk             |     5 |     7 ||    12
Armor: Skin              |    58 |    14 ||    72
Dodge: Dodged            |   104 |   104 ||   208

Table legend:
 A = Non-vault XP
 B = Vault XP
 C = Vault XP percentage of total XP
 D = Non-vault monster count
 E = Vault monster count
 F = Vault count percentage of total count
                 A         B        C        D         E       F
            +---------+---------+-------+---------+---------+-------
      Total |     313 |       1 |   0.3 |      67 |       1 |   1.5
            +---------+---------+-------+---------+---------+-------
        D:1 |      40 |       0 |   0.0 |      20 |       0 |   0.0
        D:2 |      43 |       0 |   0.0 |      15 |       0 |   0.0
        D:3 |     150 |       1 |   0.7 |      21 |       1 |   4.5
        D:4 |      80 |       0 |   0.0 |      11 |       0 |   0.0
            +---------+---------+-------+---------+---------+-------
